 Dungeon Crawl Stone Soup version 0.27.1-2-g3b301248ec (webtiles) character file.

Game seed: 16590393375993248860

6812 Urokeeper the Basher (level 11, 0/95 HPs)
             Began as a Hill Orc Fighter on Sept 28, 2021.
             Was a Priest of Beogh.
             Killed from afar by a raiju (21 damage)
             ... with a living lightning
             ... on level 2 of the Abyss.
             The game lasted 00:55:17 (10382 turns).

Urokeeper the Basher (Hill Orc Fighter)            Turns: 10382, Time: 00:55:19

Health: 0/95       AC: 13    Str: 22 (23) XL:     11   Next: 5%
Magic:  11/11      EV:  7    Int:  8      God:    Beogh [***...]
Gold:   295        SH: 11    Dex: 10      Spells: 10/10 levels left

rFire    . . .     SeeInvis +   s - +6 flail of Ipaitt {vorpal, rPois rC+ rCorr SInv}
rCold    + . .     Faith    .   c - +0 kite shield
rNeg     . . .     Spirit   .   i - +0 chain mail
rPois    +         Reflect  .   u - +2 hat
rElec    .         Harm     .   (no cloak)
rCorr    +         Rampage  .   (no gloves)
Will     .....                  (no boots)
Stlth    ..........             (no amulet)
HPRegen  0.25/turn              d - ring of poison resistance
MPRegen  0.12/turn              (no ring)

@: no status effects
A: subdued magic 1
a: Renounce Religion, Smiting


You were on level 2 of the Abyss.
You worshipped Beogh.
Beogh was most pleased with you.
You visited 1 branch of the dungeon, and saw 9 of its levels.
You visited the Abyss 1 time.
You also visited: Ossuary.

You collected 399 gold pieces.
You spent 104 gold pieces at shops.

Inventory:

Hand Weapons
 g - a +1 whip of holy wrath
 r - a +2 short sword of freezing
 s - the +6 flail of Ipaitt (weapon) {vorpal, rPois rC+ rCorr SInv}
   (You found it on level 4 of the Dungeon)

   It inflicts extra damage upon your enemies.
   rC:        It protects you from cold.
   rPois:     It protects you from poison.
   SInv:      It lets you see invisible.
   rCorr:     It protects you from acid and corrosion.
 v - a +2 short sword of holy wrath
 E - a +0 whip of freezing
Missiles
 b - 2 throwing nets
 C - 3 poisoned darts
 I - 2 atropa-tipped darts
Armour
 c - a +0 kite shield (worn)
 i - a +0 chain mail (worn)
 u - a +2 hat (worn)
 y - a scarf of shadows
Jewellery
 d - a ring of poison resistance (left hand)
Wands
 D - a wand of paralysis (2) (quivered)
 H - a wand of polymorph (17)
Scrolls
 a - a scroll of torment
 j - a scroll of brand weapon
 k - 2 scrolls of vulnerability
 m - 2 scrolls of enchant armour
 p - 2 scrolls of immolation
 t - a scroll of noise
 A - 2 scrolls of fog
 B - 2 scrolls of amnesia
 F - a scroll of teleportation
Potions
 e - a potion of flight
 h - 2 potions of curing
 l - 4 potions of lignification
 n - a potion of mutation
 o - a potion of haste {unknown}
 q - 2 potions of attraction
 w - a potion of degeneration
 x - a potion of ambrosia {unknown}


   Skills:
 + Level 8.3 Fighting
 + Level 6.0(10.0) Axes
 + Level 10.3(10.8) Maces & Flails
 + Level 1.2 Throwing
 + Level 8.6 Armour
 + Level 2.6 Dodging
 + Level 2.8 Stealth
 + Level 8.1 Shields
 + Level 0.1 Invocations
 + Level 1.1 Evocations


You had 10 spell levels left.
You didn't know any spells.
Your spell library contained the following spells:

 Spells                   Type           Power      Damage    Failure   Level
 Apportation              Tloc           0%         N/A       100%        1
 Sandblast                Erth           0%         2d4       100%        1
 Passwall                 Tmut/Erth      0%         N/A       100%        2
 Slow                     Hex            0%         N/A       100%        2
 Static Discharge         Conj/Air       0%         N/A       100%        2
 Confusing Touch          Hex            0%         N/A       100%        3
 Ice Form                 Ice/Tmut       0%         N/A       100%        4
 Olgreb's Toxic Radiance  Pois           0%         N/A       100%        4
 Summon Ice Beast         Ice/Summ       0%         N/A       100%        4
 Alistair's Intoxication  Tmut/Pois      0%         N/A       100%        5
 Lee's Rapid Deconstruct  Erth           0%         3d5*      100%        5
 Lightning Bolt           Conj/Air       0%         1d11      100%        5
 Yara's Violent Unravell  Hex/Tmut       0%         3d3       100%        5
 Invisibility             Hex            0%         N/A       100%        6
 Simulacrum               Ice/Necr       0%         N/A       100%        6
 Ozocubu's Refrigeration  Ice            0%         4d5       100%        7
 Ignition                 Fire           0%         3d3       100%        8
 Maxwell's Capacitive Co  Air            0%         ∞         100%        8


Dungeon Overview and Level Annotations

Branches:
Dungeon (9/15)             Temple (0/1) D:6         Ossuary (visited)
   Lair: D:8-11         Orc: D:9-12

Altars:
Zin
Beogh

Shops:
D:5 *   D:6 ?

Annotations:
D:9 Erolcha


Innate Abilities, Weirdness & Mutations

Your spells are a little easier to cast, but a little less powerful.


Message History

The small abomination is heavily damaged.
You block the small abomination's attack.
You hit the small abomination.
The small abomination is severely damaged.
The small abomination hits you!
You barely miss the small abomination.
The small abomination is severely damaged.
You block the small abomination's attack.
You closely miss the small abomination.
The small abomination is severely damaged.
You block the small abomination's attack.
You hit the small abomination.
The small abomination is severely damaged.
The small abomination hits you!
You sock the small abomination!
You destroy the small abomination!
Beogh accepts your kill.
You start resting.
A raiju comes into view.
A large abomination and a raiju come into view.
Found a gateway leading out of the Abyss.
The raiju barks! x2; You hear a screech!
Press: ? - help, v - describe, . - travel A gateway leading out of the Abyss.
As you read the scroll of holy word, it crumbles to dust.
You speak a Word of immense power!
The large abomination convulses!
A raiju comes into view.
The large abomination hits you!!
The raiju bursts into living lightning!
The living lightning hits you.
The raiju blinks!
The raiju barks!
Press: ? - help, v - describe, . - travel A gateway leading out of the Abyss.
You hit the large abomination.
The large abomination is almost destroyed.
The large abomination hits you!!
* * * LOW HITPOINT WARNING * * *
The raiju bursts into living lightning!
The living lightning hits you!!
You die...

#
..∩.#.......#
##..#....###
....#...... #
#....... #.
.###.#...h# #
.....#..#.# #
.....#....#
#.......###
#.#.##.@# ..
#..X# ..
#.##h. . ..
.∩.# ... ..#
.h.. ##..
..... #.#
####.. #.


You could see a large abomination (dazed) and 3 raiju.

Vanquished Creatures
  Harold (D:8)
  Pikel (D:7)
  An unseen horror (D:9)
  Grinder (D:5)
  A troll (D:9)
  A ynoxinul (Abyss:2)
  A small abomination (Abyss:2)
  5 yaks
  A steam dragon (D:6)
  Menkaure (D:7)
  A water moccasin (D:7)
  Duvessa (D:5)
  3 sky beasts (D:5)
  An ice beast (D:5)
  A black bear (D:4)
  4 centaurs
  2 necrophages
  A wolf (D:9)
  A phantom (D:5)
  4 lemures (D:7)
  An elf zombie (Ossuary)
  2 bullfrogs
  2 scorpions
  Dowan (D:5)
  10 killer bees
  3 centaur zombies
  The ghost of nxtlvl the Charlatan, a weakling DEAr of Kikubaaqudgha (D:4)
  3 howler monkeys
  3 human zombies (Ossuary)
  6 hounds
  A gnoll shaman (D:6)
  3 bullfrog skeletons
  4 orc priests
  A centaur skeleton (D:4)
  3 iguanas
  13 orc wizards
  3 hound zombies (Ossuary)
  A howler monkey zombie (D:5)
  3 mummies (Ossuary)
  11 gnolls
  10 adders
  A shadow imp (D:5)
  3 white imps
  2 ufetubi
  4 adder zombies (Ossuary)
  A worm (D:2)
  2 dart slugs (D:1)
  21 orcs
  4 ball pythons
  3 bats
  5 endoplasms
  4 giant cockroaches
  2 hobgoblins (D:1)
  9 jackals
  5 kobolds
  3 quokkas (D:1)
  7 frilled lizards
  5 goblins
  6 goblin zombies (Ossuary)
  2 hobgoblin zombies (Ossuary)
  4 jackal zombies (Ossuary)
  3 kobold zombies (Ossuary)
  2 orc zombies (Ossuary)
  5 quokka zombies (Ossuary)
  5 rats
  2 rat zombies (Ossuary)
228 creatures vanquished.

Vanquished Creatures (collateral kills)
  2 killer bees (D:8)
  An orc (D:9)
3 creatures vanquished.

Vanquished Creatures (others)
  An orc warrior (D:8)
  An orc priest (D:4)
  3 orcs
5 creatures vanquished.

Grand Total: 236 creatures vanquished

Notes
Turn   | Place    | Note
-------+----------+-------------------------------------------
     0 | D:1      | Urokeeper the Hill Orc Fighter began the quest for the Orb.
     0 | D:1      | Reached XP level 1. HP: 19/19 MP: 1/1
   150 | D:1      | Reached XP level 2. HP: 15/27 MP: 2/2
   471 | D:1      | Reached XP level 3. HP: 33/33 MP: 3/3
   479 | D:1      | Found a faded altar of an unknown god.
  1621 | D:2      | Reached XP level 4. HP: 29/40 MP: 4/4
  1766 | D:2      | You fall into a shaft and drop 1 floor!
  3085 | D:3      | Reached XP level 5. HP: 42/47 MP: 5/5
  3687 | D:4      | Reached skill level 5 in Axes
  3687 | D:4      | Reached XP level 6. HP: 26/55 MP: 6/6
  3940 | D:4      | Noticed a black bear
  3946 | D:4      | Killed a black bear
  3947 | D:4      | Reached skill level 5 in Fighting
  4134 | D:4      | Identified the +6 flail of Ipaitt {vorpal, rPois rC+ rCorr
                  | SInv}
  4447 | D:4      | Found a runed translucent gate.
  4481 | D:4      | Reached skill level 5 in Armour
  4643 | D:4      | Found a runed translucent gate.
  4643 | D:4      | Found a runed translucent gate.
  4644 | D:4      | Noticed nxtlvl's ghost (weakling DEAr)
  4665 | D:4      | Found a roughly hewn altar of Beogh.
  4668 | D:4      | Became a worshipper of Beogh the Brigand
  4677 | D:4      | Killed nxtlvl's ghost
  4678 | D:4      | Reached XP level 7. HP: 56/61 MP: 7/7
  4855 | D:4      | Reached skill level 1 in Maces & Flails
  4866 | D:4      | Reached skill level 2 in Maces & Flails
  5127 | D:5      | Entered Level 5 of the Dungeon
  5134 | D:5      | Reached skill level 5 in Shields
  5138 | D:5      | Reached skill level 1 in Dodging
  5176 | D:5      | Noticed Grinder
  5268 | D:5      | Reached XP level 8. HP: 67/68 MP: 8/8
  5284 | D:5      | Reached skill level 3 in Maces & Flails
  5426 | D:5      | Reached * piety under Beogh
  5432 | D:5      | Reached skill level 4 in Maces & Flails
  5767 | D:5      | Noticed Duvessa
  5778 | D:5      | Noticed Dowan
  5794 | D:5      | Killed Duvessa
  5795 | D:5      | Reached skill level 5 in Maces & Flails
  5802 | D:5      | Killed Dowan
  5970 | D:5      | Found Zin's Purification Station.
  5973 | D:5      | Found a glowing silver altar of Zin.
  6006 | D:5      | You fall into a shaft and drop 2 floors!
  6090 | D:7      | Reached XP level 9. HP: 76/78 MP: 9/9
  6189 | D:7      | Reached skill level 6 in Maces & Flails
  6279 | D:7      | Noticed Menkaure
  6306 | D:7      | Found a sand-covered staircase.
  6306 | D:7      | Noticed Pikel
  6312 | Ossuary  | Entered an ossuary
  6681 | Ossuary  | Reached ** piety under Beogh
  6868 | D:6      | Reached skill level 7 in Maces & Flails
  7342 | D:6      | Found a staircase to the Ecumenical Temple.
  7766 | D:6      | Found Mops's Magic Scroll Shop.
  7776 | D:6      | Bought a scroll of identify for 26 gold pieces
  7776 | D:6      | Bought a scroll of identify for 26 gold pieces
  7776 | D:6      | Bought a scroll of identify for 26 gold pieces
  7776 | D:6      | Bought a scroll of identify for 26 gold pieces
  7809 | D:6      | Reached skill level 8 in Maces & Flails
  8306 | D:5      | Reached *** piety under Beogh
  8380 | D:5      | Killed Grinder
  8381 | D:5      | Reached skill level 1 in Stealth
  8381 | D:5      | Reached XP level 10. HP: 88/88 MP: 10/10
  8695 | D:7      | Killed Menkaure
  8763 | D:7      | Killed Pikel
  8764 | D:7      | Reached skill level 9 in Maces & Flails
  9030 | D:8      | Noticed Harold
  9039 | D:8      | Killed Harold
  9040 | D:8      | Reached skill level 1 in Evocations
  9048 | D:8      | Gained mutation: Your spells are a little easier to cast,
                  | but a little less powerful. [potion of mutation]
  9627 | D:8      | Reached skill level 10 in Maces & Flails
  9992 | D:9      | Got Sif Muna's Grimoire of the Frostbite
 10069 | D:9      | Noticed an unseen horror
 10095 | D:9      | Killed an unseen horror
 10110 | D:9      | Noticed Erolcha
 10127 | D:9      | Reached XP level 11. HP: 87/95 MP: 11/11
 10151 | D:9      | Cast into level 2 of the Abyss (Erolcha)
 10151 | Abyss:2  | Found a corrupted altar of Lugonu.
 10156 | Abyss:2  | Noticed an ophan
 10295 | Abyss:2  | Reached skill level 1 in Throwing
 10382 | Abyss:2  | Killed from afar by a raiju

Illustrated notes

Levels and vault maps discovered:
D:1:      lemuel_arrival_rhombus, layout_loops_ring,
          shapermc_ecumenical_altar_venn, minmay_statues_item,
          kennysheep_small_spiral
D:2:      layout_basic, serial_curves, eino_curves_02, eino_curves_02
D:3:      layout_basic, saegor_snake_ambush
D:4:      layout_loops_corners, biasface_ghost_orc_armoury
D:5:      layout_loops_ring, zin_purify, uniq_grinder, uniq_duvessa
D:6:      layout_loops_cross, minmay_temple_entry_junction, serial_glass,
          glass_columns_a, glass_columns_a, glass_columns_c, glass_columns_c,
          glass_columns_b, glass_columns_b, glass_columns_b, glass_columns_a,
          glass_columns_c, glass_columns_a, serial_shops, shop
D:7:      layout_rooms, chequers_ossuary_entry_cave, uniq_menkaure, uniq_pikel
D:8:      layout_basic, kennysheep_cross_bottleneck, uniq_harold
D:9:      layout_roguey, erik_lair_island, gammafunk_ghost_necromancy,
          uniq_psyche, uniq_erolcha
Abyss:2:  base: D:6, lemuel_flamethrower_3, evilmike_abyss_exit_9

Skill      XL: |  1  2  3  4  5  6  7  8  9 10 11 |
---------------+----------------------------------+-----
Axes           | 3 4 5 6 |  6.0
Fighting       | 4 5 6 7 8 |  8.3
Armour         | 4 5 6 7 8 |  8.6
Shields        | 4 5 6 7 8 |  8.1
Maces & Flails | 2 5 8 10 | 10.3
Dodging        | 1 2 |  2.6
Stealth        | 1 2 |  2.8
Evocations     | 1 |  1.1
Throwing       | 1 |  1.2
Invocations    | |  0.1

Action                   |  1- 3 |  4- 6 |  7- 9 | 10-12 || total
-------------------------+-------+-------+-------+-------++-------
Melee: War axe           |   118 |   150 |       |       ||   268
       Flail             |       |    39 |   333 |   151 ||   523
Throw: Javelin           |       |     2 |     2 |     3 ||     7
       Dart              |       |       |       |    14 ||    14
       Throwing net      |       |       |       |     2 ||     2
Invok: Convert to Beogh  |       |     1 |       |       ||     1
       Smiting           |       |       |       |     1 ||     1
Evoke: Wand              |       |       |     1 |     2 ||     3
  Use: Scroll            |       |     3 |    10 |     4 ||    17
       Potion            |       |     4 |     4 |     6 ||    14
 Stab: Paralysed         |       |       |     2 |     5 ||     7
Armor: Scale mail        |    36 |       |       |       ||    36
       Chain mail        |    22 |   118 |   167 |    95 ||   402
Dodge: Dodged            |    36 |    46 |    87 |    46 ||   215
Block: Kite shield       |    81 |   107 |   212 |    93 ||   493
